 Dungeon Crawl Stone Soup version 0.29-a0-541-gaf1fc19f1b (webtiles) character file.

Game seed: 7222750287420664918

32 nrs142 the Skirmisher (level 3, -1/46 HPs)
             Began as a Palentonga Berserker on June 2, 2022.
             Was a Follower of Trog.
             Slain by Sigmund
             ... wielding a +1 scythe of venom
              (7 damage)
             ... on level 2 of the Dungeon.
             The game lasted 00:03:00 (1126 turns).

nrs142 the Skirmisher (Palentonga Berserker)        Turns: 1126, Time: 00:03:01

Health: -1/46      AC:  5    Str: 22    XL:     3   Next: 8%
Magic:  3/3        EV:  9    Int:  7    God:    Trog [*.....]
Gold:   47         SH:  0    Dex:  9    Spells: 2/2 levels left

rFire   . . .      SeeInvis +   a - +0 falchion
rCold   . . .      Faith    .   (no shield)
rNeg    . . .      Spirit   .   i - +0 leather armour
rPois   .          Reflect  .   b - +1 hat
rElec   .          Harm     .   (no cloak)
rCorr   .          Rampage  .   (no gloves)
Will    .....                   (no barding)
Stlth   ..........              (no amulet)
HPRegen 0.15/turn               (no ring)
MPRegen 0.08/turn               (no ring)

@: berserking, lethally poisoned (-1 -> -4), very quick
A: large, rugged brown scales 3, see invisible, deformed body, roll 1, armoured
tail
a: Rolling Charge, Renounce Religion, Berserk


You were on level 2 of the Dungeon.
You worshipped Trog.
Trog was aware of your devotion.
You visited 1 branch of the dungeon, and saw 2 of its levels.

You collected 47 gold pieces.

Inventory:

Hand Weapons
 a - a +0 falchion (weapon)
Armour
 b - a +1 hat (worn)
 i - a +0 leather armour (worn)
Scrolls
 c - 2 scrolls of fear {unknown}
 d - a scroll of silence {unknown}
 e - 2 scrolls of enchant armour {unknown}
 g - a scroll of teleportation {unknown}
 h - a scroll of identify {unknown}


   Skills:
 + Level 3.3 Fighting
 + Level 3.3 Long Blades
 + Level 2.0 Armour
 + Level 2.0 Dodging


You had 2 spell levels left.
You didn't know any spells.
Your spell library was empty.

Dungeon Overview and Level Annotations

Branches:
Dungeon (2/15)

Altars:

Annotations:
D:2 Sigmund


Innate Abilities, Weirdness & Mutations

You are completely covered in rugged brown scales. (AC +3, +7% HP)
You have supernaturally acute eyesight. (SInv)
Armour fits poorly on your strangely shaped body.
You can roll at nearby foes to attack.
You have a long armoured tail.


Message History

You hit the rat.
You kill the rat!
Trog accepts your kill.
No target in view!
No target in view!
Sigmund the Dreaded comes into view.
He is wielding a +1 scythe of venom.
Sigmund shouts!
You hit Sigmund but do no damage.
Sigmund hits you with a +1 scythe of venom.
You are poisoned.
You closely miss Sigmund.
You feel very sick.
Sigmund mumbles some strange words.
Sigmund flickers and vanishes for a moment.
You closely miss Sigmund.
You feel very sick.
Sigmund hits you with a +1 scythe of venom!
* * * LOW HITPOINT WARNING * * *
You are too injured to fight recklessly!
You are too injured to fight recklessly!
A red film seems to cover your vision as you go berserk!
You feel yourself moving faster!
You feel mighty!
You feel sick.
You are too injured to fight recklessly!
You are too injured to fight recklessly!
You are too injured to fight recklessly!
You barely miss Sigmund.
Your tail-slap misses Sigmund.
You feel sick. Sigmund misses you.
You slash Sigmund!
Your tail-slap misses Sigmund.
Sigmund is moderately wounded.
You feel sick.
You barely miss Sigmund.
Sigmund is moderately wounded.
You feel sick. Sigmund misses you.
You hit Sigmund.
Sigmund is moderately wounded.
You hit Sigmund.
Sigmund is heavily wounded.
You feel sick.
Sigmund hits you with a +1 scythe of venom!
You die...

... ... .. #.
#.### #######
######>.. .......
........###@......
..........@.......
#######.###.......
##.###....?.$
#....#..[....
#.[..#.......
#....#.......
#....#.......
#....#.......
##.###


You could see Sigmund (invisible).

Vanquished Creatures
  A dart slug (D:2)
  2 ball pythons (D:1)
  2 giant cockroaches (D:1)
  3 goblins (D:1)
  A hobgoblin (D:1)
  5 jackals (D:1)
  2 quokkas (D:1)
  3 bats (D:1)
  2 frilled lizards (D:1)
  3 kobolds
  3 rats
27 creatures vanquished.

Notes
Turn   | Place    | Note
-------+----------+-------------------------------------------
     0 | D:1      | nrs142 the Palentonga Berserker began the quest for the
                  | Orb.
     0 | D:1      | Reached XP level 1. HP: 19/19 MP: 1/1
    41 | D:1      | Reached XP level 2. HP: 7/25 MP: 2/2
  1089 | D:2      | Reached XP level 3. HP: 31/31 MP: 3/3
  1117 | D:2      | Noticed Sigmund
  1126 | D:2      | Slain by Sigmund

Illustrated notes

Levels and vault maps discovered:
D:1:      roderic_crossed_star, layout_basic, minmay_misc_feat_rows
D:2:      layout_basic, uniq_sigmund

Skill      XL: |  1  2 |
---------------+-------+-----
Armour         | 2 |  2.0
Dodging        | 2 |  2.0
Fighting       | |  3.3
Long Blades    | |  3.3

Action                   || total
-------------------------++-------
Melee: Falchion          ||    93
       Tailslap          ||     3
       Punch             ||     1
Invok: Berserk           ||     2
Armor: Animal skin       ||    35
       Robe              ||    29
       Leather armour    ||     4
Dodge: Dodged            ||    82

Table legend: (Time is in decaauts)
 A = Elapsed time spent in this place.
 B = Non-inter-level travel time spent in this place.
 C = Inter-level travel time spent in this place.
 D = Time resting spent in this place.
 E = Time spent auto-exploring this place.
 F = Levels seen in this place.
 G = Mean time per level.
                   A        B        C        D        E       F      G
               +--------+--------+--------+--------+--------+-----+--------+
         Total |   1147 |   1147 |      0 |    243 |    647 |   2 |  573.5 |
       Dungeon |   1147 |   1147 |      0 |    243 |    647 |   2 |  573.5 |
               +--------+--------+--------+--------+--------+-----+--------+

Top non-repeatable levels by time:
     D:1: 1083 daAuts
     D:2: 63 daAuts
